 Dungeon Crawl Stone Soup version 0.26.1-11-gd32895ea62 (webtiles) character file.

Game seed: 1217756985003179392

262 Zeld the Changer (level 6, -2/41 HPs)
             Began as an Octopode Transmuter on May 27, 2021.
             Killed from afar by a white imp (13 damage)
             ... with a puff of frost
             ... on level 4 of the Dungeon.
             The game lasted 00:02:34 (3134 turns).

Zeld the Changer (Octopode Transmuter)              Turns: 3134, Time: 00:02:34

Health: -2/41      AC:  1    Str: 11    XL:     6   Next: 18%
Magic:  11/11      EV: 14    Int: 16    God:
Gold:   111        SH:  0    Dex: 12    Spells: 2/12 levels left

rFire    . . .     SeeInvis .     - Unarmed
rCold    . . .     Faith    .   (no shield)
rNeg     . . .     Spirit   .   (helmet currently unavailable)
rPois    .         Reflect  .   (no amulet)
rElec    .         Harm     .   c - ring of stealth
rCorr    .         Rampage  .   (no ring)
Will     .....                  (no ring)
Stlth    +++.......             (no ring)
HPRegen  0.13/turn              (no ring)
MPRegen  0.12/turn              (no ring)
                                (no ring)
                                (no ring)

@: lethally poisoned (-2 -> -12), appendages
A: almost no armour, stealthy swim, amphibious, 8 rings, constrict 8, tentacle
spike 3, camouflage 1, gelatinous body 1
a: End Transformation


You were on level 4 of the Dungeon.
One of your tentacles had a temporary spike.
You visited 1 branch of the dungeon, and saw 4 of its levels.

You collected 111 gold pieces.

Inventory:

Jewellery
 c - a ring of stealth (left tentacle)
Wands
 d - a wand of polymorph (8)
Scrolls
 b - a scroll of magic mapping {unknown}
 e - a scroll of identify {unknown}
 f - a scroll of remove curse {unknown}
Potions
 a - 2 potions of magic {unknown}


   Skills:
 + Level 2.5 Fighting
 + Level 3.0 Dodging
 - Level 3.0 Unarmed Combat
 * Level 3.6 Spellcasting
 * Level 3.9 Transmutations


You had 2 spell levels left.
You knew the following spells:

 Your Spells              Type           Power        Failure   Level
a - Beastly Appendage     Tmut           30%          3%          1
b - Wereblood             Tmut           15%          5%          2
c - Spider Form           Tmut/Pois      4%           24%         3
d - Ice Form              Ice/Tmut       9%           61%         4

Your spell library contained the following spells:

 Spells                   Type           Power        Failure   Level
 Blade Hands              Tmut           7%           67%         5


Dungeon Overview and Level Annotations

Branches:
Dungeon (4/15)
 Temple: D:4-7

Altars:
The Shining One

Annotations:
D:2 Sigmund


Innate Abilities, Weirdness & Mutations

You cannot wear most types of armour.
You are very stealthy in the water. (Stealth+)
You are amphibious.
You can wear up to eight rings at the same time.
You can use your tentacles to constrict eight enemies at once.
Your skin changes colour to match your surroundings (Stealth+).
Your rubbery body absorbs attacks. (AC +1, EV +1)
One of your tentacles bears a large vicious spike.


Message History

Your squeeze misses the white imp. The white imp gestures at you.
The puff of frost hits you!
You barely miss the white imp. Your grab misses the white imp.
Your tentacle spike misses the white imp.
The white imp hits you. The white imp freezes you. The scorpion stings you.
You are poisoned.
The scorpion poisons you!
You tentacle-slap the scorpion. Your grab misses the scorpion.
The scorpion is lightly wounded.
You feel sick. The white imp gestures at you. The puff of frost hits you!
* * * LOW HITPOINT WARNING * * *
The scorpion misses you.
* * * LOW HITPOINT WARNING * * *
You feel sick. The white imp gestures at you. The puff of frost hits you!
You die...

..........#
.........
###........
..#....... ..# .
.........# #.## #.
#........### #..# .
#.....r5s..# #..##
## #...[...##..#
#...# #. #.#....@#
#..# #...####.
##....#
#..##...#....
##...## #.........##
##...## ##.....#####
#....## ##...## #
#.....####..##
#..#......##...##
#...............##
..........><......##


You could see a scorpion, a white imp and a quokka.

Vanquished Creatures
  A phantom (D:4)
  2 scorpions (D:4)
  2 worker ants (D:4)
  An adder (D:4)
  A worm (D:3)
  A leopard gecko (D:4)
  A bat (D:3)
  A goblin (D:3)
  A hobgoblin (D:3)
  6 jackals
  A rat (D:3)
18 creatures vanquished.

Notes
Turn   | Place    | Note
-------+----------+-------------------------------------------
     0 | D:1      | Zeld the Octopode Transmuter began the quest for the Orb.
     0 | D:1      | Reached XP level 1. HP: 13/13 MP: 3/3
   347 | D:2      | Reached XP level 2. HP: 17/18 MP: 3/5
   352 | D:2      | Learned a level 2 spell: Wereblood
   386 | D:2      | Noticed Sigmund
  1164 | D:3      | Found a glowing golden altar of the Shining One.
  1264 | D:4      | Noticed a scorpion
  1269 | D:4      | Noticed a scorpion
  1306 | D:4      | Killed a scorpion
  1307 | D:4      | Reached XP level 3. HP: 12/24 MP: 5/7
  1307 | D:4      | Reached XP level 4. HP: 14/29 MP: 5/8
  1685 | D:4      | Learned a level 3 spell: Spider Form
  1767 | D:4      | Reached XP level 5. HP: 9/34 MP: 9/9
  1772 | D:4      | Learned a level 4 spell: Ice Form
  2332 | D:4      | Noticed a phantom
  2955 | D:4      | Killed a phantom
  2956 | D:4      | Reached XP level 6. HP: 24/41 MP: 6/11
  3134 | D:4      | Killed from afar by a white imp

Illustrated notes

Levels and vault maps discovered:
D:1:      wander_arrival_peaceful_grave, layout_loops_ring, st_stairs_12
D:2:      layout_basic, cheibrodos_gnoll_hut, uniq_sigmund
D:3:      layout_rooms, nicolae_tso_carved_into_rock, ebering_ghost_inner_flame,
          serial_bayou_ford_a
D:4:      layout_layer_cave, kennysheep_generic_room_14

Skill      XL: |  1  2  3  4  5 |
---------------+----------------+-----
Transmutations | 3 |  3.9
Fighting       | 2 |  2.5
Spellcasting   | 3 |  3.6
Dodging        | 3 |  3.0
Unarmed Combat | |  3.0

Action                   |  1- 3 |  4- 6 || total
-------------------------+-------+-------++-------
Melee: Unarmed           |    24 |    47 ||    71
       Kick              |    10 |     8 ||    18
       Constrict         |     9 |     4 ||    13
       Tentacles         |     7 |     4 ||    11
 Cast: Beastly Appendage |     6 |     5 ||    11
       Spider Form       |       |     2 ||     2
       Ice Form          |       |     2 ||     2
 Stab: Sleeping          |       |     1 ||     1
Armor: Skin              |     5 |     4 ||     9
Dodge: Dodged            |    19 |    21 ||    40
